 Dungeon Crawl Stone Soup version 0.28-a0-1117-g0bdd5ba030 (webtiles) character file.

Game seed: 11563007474180618714

1014 dracfodder the Digger (level 8, -5/42 HPs)
             Began as a Gargoyle Earth Elementalist on Dec 10, 2021.
             Was an Initiate of Sif Muna.
             Slain by an ogre (25 damage)
             ... on level 5 of the Dungeon on Dec 11, 2021.
             The game lasted 00:34:18 (5604 turns).

dracfodder the Digger (Gargoyle Earth Elementalist) Turns: 5604, Time: 00:34:19

Health: -5/42      AC:  9    Str: 12      XL:     8   Next: 21%
Magic:  17/17      EV: 12    Int: 16 (18) God:    Sif Muna [......]
Gold:   210        SH:  0    Dex:  9 (10) Spells: 2/20 levels left

rFire   . . .      SeeInvis +   d - +1 whip (elec)
rCold   . . .      Faith    .   (no shield)
rNeg    + . .      Spirit   .   b - +0 robe
rPois   ∞          Reflect  .   (no helmet)
rElec   +          Harm     .   (no cloak)
rCorr   .          Rampage  .   (no gloves)
Will    .....                   h - +1 pair of boots
Stlth   ++........              (no amulet)
HPRegen 0.14/turn               o - ring of see invisible
MPRegen 0.15/turn               (no ring)

@: no status effects
A: sickness immunity, AC +5, negative energy resistance 1, electricity
resistance, torment resistance 1, petrification resistance
a: Renounce Religion


You were on level 5 of the Dungeon.
You worshipped Sif Muna.
Sif Muna was noncommittal.
You visited 1 branch of the dungeon, and saw 6 of its levels.

You collected 210 gold pieces.

Inventory:

Hand Weapons
 d - a +1 whip of electrocution (weapon)
Missiles
 a - 35 bolts
 c - 95 stones
 e - 8 boomerangs
 i - 4 javelins (quivered)
 m - 29 arrows
Armour
 b - a +0 robe (worn)
 h - a +1 pair of boots (worn)
Jewellery
 l - the ring "Naroc" {rPois rF+++ rC+ Will- rCorr}
   (You found it on level 3 of the Dungeon)

   [ring of resist corrosion]

   rF:        It renders you almost immune to fire.
   rC:        It protects you from cold.
   rPois:     It protects you from poison.
   rCorr:     It protects you from acid and corrosion.
   Will:      It decreases your willpower.
 o - a ring of see invisible (left hand)
Scrolls
 n - a scroll of teleportation
Potions
 f - 2 potions of flight
 g - a potion of magic
 j - a potion of brilliance {unknown}
 k - 2 potions of curing


   Skills:
 + Level 0.4 Fighting
 + Level 0.7 Maces & Flails
 + Level 0.7 Throwing
 + Level 2.3 Dodging
 + Level 2.5 Stealth
 * Level 6.5 Spellcasting
 + Level 1.6 Conjurations
 + Level 1.0 Transmutations
 + Level 0.1 Air Magic
 + Level 7.0 Earth Magic
 + Level 0.4 Poison Magic


You had 2 spell levels left.
You knew the following spells:

 Your Spells              Type           Power      Damage    Failure   Level
a - Sandblast             Erth           54%        2d13      1%          1
b - Passwall              Tmut/Erth      15%        N/A       3%          2
c - Stone Arrow           Conj/Erth      38%        3d9       7%          3
d - Petrify               Tmut/Erth      18%        N/A       24%         4
e - Sting                 Tmut/Pois      28%        1d4       10%         1
f - Poisonous Vapours     Pois/Air       12%        N/A       17%         2
g - Lee's Rapid Deconstr  Erth           13%        3d10*     21%         5

Your spell library contained the following spells:

 Spells                   Type           Power      Damage    Failure   Level
 Conjure Flame            Conj/Fire      7%         6-21      28%         3
 Leda's Liquefaction      Hex/Erth       8%         N/A       30%         4
 Ignite Poison            Fire/Tmut/Pois 6%         N/A       32%         3
 Sticky Flame             Conj/Fire      7%         2d3       67%         4
 Olgreb's Toxic Radiance  Pois           6%         N/A       71%         4
 Statue Form              Tmut/Erth      Unusable   N/A       N/A         6

Dungeon Overview and Level Annotations

Branches:
Dungeon (6/15)
 Temple: D:4-7

Altars:
Cheibriados
Hepliaklqana
Sif Muna
The Shining One


Innate Abilities, Weirdness & Mutations

You are immune to sickness and miasma.
Your stone body is resilient. (AC +5)
You are immune to poison.
You resist negative energy. (rN+)
You are resistant to electric shocks. (rElec)
You are resistant to unholy torment.
You are immune to petrification.


Message History

Found a stone staircase leading down.
Found a mace.
There is a stone staircase leading down here.
You climb downwards.
You hear the hiss of flowing sand.
There is an entrance to an ossuary on this level.
Hurry and find it before the portal is buried!
There is a stone staircase leading up here.
As you read the scroll labelled FOYS KYMOSOD, it crumbles to dust.
You feel strangely unstable.
It was a scroll of teleportation.
Unknown command.
You climb upwards.
There is a stone staircase leading down here.
You start waiting.
Your surroundings suddenly seem different.
An iguana and an ogre come into view.
Found a shiny kite shield.
The helpless iguana fails to defend itself.
You hit the iguana but do no damage.
The iguana bites you but does no damage.
You hit the iguana but do no damage.
The iguana bites you but does no damage.
You hit the iguana but do no damage. The iguana bites you!
You hit the iguana.
The iguana is lightly wounded.
The iguana bites you but does no damage.
The ogre misses you.
You closely miss the iguana.
The iguana is lightly wounded.
The iguana completely misses you. The ogre barely misses you.
The iguana closely misses you.
You hit the iguana but do no damage.
The iguana is lightly wounded.
The ogre hits you with a +0 giant spiked club!
The iguana closely misses you.
You hit the iguana.
The iguana is lightly wounded.
The iguana barely misses you.
The ogre hits you with a +0 giant spiked club!!
Ouch! That really hurt!
You die...

############
.......@l..#
.###.#O###.#
#. .. .#.
.... ## ..
#.


You could see an ogre and an iguana.

Vanquished Creatures
  2 black bears
  3 phantoms
  3 scorpions
  A centaur skeleton (D:5)
  2 hounds
  An orc priest (D:3)
  A bullfrog skeleton (D:5)
  An iguana (D:5)
  2 orc wizards
  3 hound skeletons (D:4)
  8 adders
  An ufetubus (D:4)
  2 worms
  4 dart slugs
  8 orcs
  10 endoplasms
  5 giant cockroaches
  6 hobgoblins
  3 jackals (D:2)
  6 kobolds
  6 quokkas
  8 ball pythons
  7 bats
  5 goblins
  5 rats
  2 bushes (D:2)
105 creatures vanquished.

Vanquished Creatures (others)
  2 plants (D:2)
2 creatures vanquished.

Grand Total: 107 creatures vanquished

Notes
Turn   | Place    | Note
-------+----------+-------------------------------------------
     0 | D:1      | dracfodder the Gargoyle Earth Elementalist began the quest
                  | for the Orb.
     0 | D:1      | Reached XP level 1. HP: 10/10 MP: 3/3
    95 | D:1      | You fall into a shaft and drop 1 floor!
   201 | D:2      | Reached skill level 4 in Earth Magic
   201 | D:2      | Reached XP level 2. HP: 15/15 MP: 1/5
   206 | D:2      | Learned a level 2 spell: Passwall
   237 | D:1      | Reached XP level 3. HP: 17/19 MP: 2/6
   277 | D:1      | Learned a level 3 spell: Stone Arrow
   955 | D:1      | Found a faded altar of an unknown god.
  1129 | D:2      | Found a hazy altar of Hepliaklqana.
  1420 | D:2      | Identified a scroll of acquirement
  1420 | D:2      | Acquired a book of the Earth
  1450 | D:2      | Noticed a phantom
  1482 | D:2      | Killed a phantom
  1483 | D:2      | Reached XP level 4. HP: 9/24 MP: 3/9
  1483 | D:2      | Reached XP level 5. HP: 10/28 MP: 3/10
  1596 | D:2      | Learned a level 4 spell: Petrify
  1884 | D:2      | Upgraded the game from 0.28-a0-1087-gf3fc490d9d to
                  | 0.28-a0-1117-g0bdd5ba030
  2811 | D:3      | Found a glowing golden altar of the Shining One.
  2896 | D:3      | Reached skill level 5 in Earth Magic
  2941 | D:3      | Reached XP level 6. HP: 31/32 MP: 10/12
  3033 | D:3      | Identified the ring "Naroc" {rPois rF+++ rC+ Will- rCorr}
  3204 | D:3      | Learned a level 1 spell: Sting
  3207 | D:3      | Learned a level 2 spell: Poisonous Vapours
  3634 | D:4      | Found a snail-covered altar of Cheibriados.
  3638 | D:4      | Reached skill level 1 in Transmutations
  3664 | D:5      | Entered Level 5 of the Dungeon
  3899 | D:4      | Reached skill level 1 in Conjurations
  4078 | D:4      | Reached skill level 5 in Spellcasting
  4224 | D:4      | Reached XP level 7. HP: 36/36 MP: 2/14
  4427 | D:4      | Found a shimmering blue altar of Sif Muna.
  4430 | D:4      | Became a worshipper of Sif Muna the Loreminder
  4630 | D:5      | Reached skill level 6 in Earth Magic
  5237 | D:5      | Reached XP level 8. HP: 42/42 MP: 4/17
  5409 | D:5      | Reached skill level 7 in Earth Magic
  5586 | D:5      | Learned a level 5 spell: Lee's Rapid Deconstruction
  5604 | D:5      | Slain by an ogre

Illustrated notes

Levels and vault maps discovered:
D:1:      dpeg_arrival_houses_and_road, layout_loops_corners,
          dreamdust_ecumenical_altar_grove
D:2:      layout_loops_ring, serial_forest, infiniplex_forest_diagonal,
          infiniplex_forest_lined_corner, infiniplex_forest_end_2,
          infiniplex_forest_clump_cross, infiniplex_forest_straight_5,
          basic_altar
D:3:      minmay_octagon_keep, layout_basic, nicolae_tso_carved_into_rock,
          kennysheep_generic_room_4
D:4:      layout_basic, lemuel_crystal_altar, lemuel_blue_sif_altar,
          grunt_decor_cap
D:5:      layout_loops_cross, minmay_manual_monstrance
D:6:      layout_loops_cross, enter_ossuary_1, minmay_hollow_rounded_squares

Skill      XL: |  1  2  3  4  5  6  7  8 |
---------------+-------------------------+-----
Earth Magic    | 4 5 6 7 |  7.0
Dodging        | 2 |  2.3
Spellcasting   | 3 4 5 6 |  6.5
Transmutations | 1 |  1.0
Conjurations   | 1 |  1.6
Fighting       | |  0.4
Maces & Flails | |  0.7
Throwing       | |  0.7
Stealth        | |  2.5
Air Magic      | |  0.1
Poison Magic   | |  0.4

Action                   |  1- 3 |  4- 6 |  7- 9 || total
-------------------------+-------+-------+-------++-------
Melee: Whip              |    12 |    96 |    34 ||   142
Throw: Javelin           |     1 |    14 |     6 ||    21
       Boomerang         |       |     7 |       ||     7
       Stone             |       |     1 |       ||     1
 Cast: Sandblast         |    36 |    58 |    25 ||   119
       Stone Arrow       |     1 |    19 |     8 ||    28
       Passwall          |       |     1 |       ||     1
       Sting             |       |     3 |     3 ||     6
       Poisonous Vapours |       |     2 |     4 ||     6
  Use: Scroll            |     4 |     1 |     2 ||     7
       Potion            |     3 |     2 |       ||     5
 Stab: Sleeping          |       |     1 |     1 ||     2
Armor: Robe              |     6 |    36 |    20 ||    62
Dodge: Dodged            |    17 |    39 |    32 ||    88

Table legend: (Time is in decaauts)
 A = Elapsed time spent in this place.
 B = Non-inter-level travel time spent in this place.
 C = Inter-level travel time spent in this place.
 D = Time resting spent in this place.
 E = Time spent auto-exploring this place.
 F = Levels seen in this place.
 G = Mean time per level.
                   A        B        C        D        E       F      G
               +--------+--------+--------+--------+--------+-----+--------+
         Total |   5634 |   5534 |    100 |   1377 |   2946 |   6 |  939.0 |
       Dungeon |   5634 |   5534 |    100 |   1377 |   2946 |   6 |  939.0 |
               +--------+--------+--------+--------+--------+-----+--------+

Top non-repeatable levels by time:
     D:2: 1307 daAuts
     D:3: 1296 daAuts
     D:1: 1043 daAuts
     D:5: 1000 daAuts
     D:4: 984 daAuts
     D:6: 2 daAuts
